 Dungeon Crawl Stone Soup version 0.31-a0-516-gfcb59812bd (webtiles) character file.

Game seed: 18006303504627343575

13 GordonOverkill the Sneak (level 2, -3/16 HPs)
             Began as a Vine Stalker Delver on Aug 10, 2023.
             Slain by a water moccasin (6 damage)
             ... in a sewer.
             The game lasted 00:01:07 (237 turns).

GordonOverkill the Sneak (Vine Stalker Delver)       Turns: 237, Time: 00:01:07

Health: -3/16      AC:  3    Str: 14    XL:     2   Next: 37%
Magic:  0/3        EV: 11    Int: 10    God:
Gold:   9          SH:  0    Dex: 15    Spells: 1/1 levels left

rFire   . .          .
                       - Unarmed
rCold   . . .        (no shield)
rNeg    . . .        a - +0 leather armour
rPois   .            (no helmet)
rElec   .            (no cloak)
rCorr   .            (no gloves)
SInv    .            (no boots)
Will    .....        (no amulet)
Stlth   +++          (no ring)
HPRegen 0.22/turn    (no ring)
MPRegen 0.08/turn

%: guardian spirit
@: lethally poisoned (-3 -> -15), hasted, very quick
A: fangs 2, magic shield, antimagic bite, no potion heal 2
a: no special abilities


You were in a sewer.
You visited 1 branch of the dungeon, and saw 1 of its levels.
You also visited: Sewer.

You collected 9 gold pieces.

Inventory:

Armour
 a - a +0 leather armour (worn)
Wands
 f - a wand of digging (2)
Scrolls
 b - a scroll of fog
 c - a scroll of identify {unknown}
 d - a scroll of fear
 h - a scroll of teleportation {unknown}
Potions
 g - a potion of magic {unknown}


   Skills:
 + Level 3.0 Fighting
 - Level 1.5 Dodging
 - Level 6.0 Stealth
 + Level 2.5 Unarmed Combat


You had one spell level left.
You didn't know any spells.
Your spell library was empty.

Dungeon Overview and Level Annotations

Branches:
Dungeon (5/15)              Sewer (1/1)
 Temple: D:4-7

Altars:


Innate Abilities, Weirdness & Mutations

You have extremely sharp teeth.
When hurt, damage is shared between your health and your magic reserves.
Your bite disrupts and absorbs the magic of your enemies.
Potions cannot restore your health.


Message History

Moving in this stuff is going to be slow.
You enter the shallow water.
Moving in this stuff is going to be slow.
A water moccasin comes into view.
Found 5 stones and a scroll labelled QEPPANEZENK.
The water moccasin hisses angrily.
You feel yourself speed up.
Okay, then.
You closely miss the water moccasin. The water moccasin barely misses you.
You miss the water moccasin. You bite the water moccasin. You drain its power.
The water moccasin is lightly wounded.
The water moccasin closely misses you.
You miss the water moccasin.
The water moccasin is lightly wounded.
You hit the water moccasin but do no damage.
You bite the water moccasin. You drain its power.
The water moccasin is lightly wounded.
The water moccasin bites you.
You hit the water moccasin but do no damage.
The water moccasin is lightly wounded.
The water moccasin closely misses you.
You hit the water moccasin.
You bite the water moccasin, but do no damage.
The water moccasin is moderately wounded.
The water moccasin bites you.
* * * LOW HITPOINT WARNING * * *
You are lethally poisoned!
The water moccasin poisons you!
You barely miss the water moccasin.
The water moccasin is moderately wounded.
* * * LOW HITPOINT WARNING * * *
You feel very sick. The water moccasin bites you.
* * * LOW HITPOINT WARNING * * *
You hit the water moccasin but do no damage.
You bite the water moccasin. You drain its power.
You feel invigorated.
The water moccasin is moderately wounded.
* * * LOW HITPOINT WARNING * * *
You feel sick. The water moccasin bites you!
You die...

### #~# ####~#
######## ..##~##
###.@S...###
∩.#.~.#
###.~~....~..###
∩...~.#
###.~.~.####.....#
....~.###.....###
###~~.~~#
####~.~~..~~.##
#.~~~..
....~.###.~..~#
.~~.## .†..~.#
###.~~.~# ..##.(
....~.# ###...~.
## ? ...#~##
##.~..


You could see a water moccasin.

Vanquished Creatures
  An adder (D:5)
  A giant cockroach (D:5)
  2 jackals (Sewer)
4 creatures vanquished.

Notes
Turn   | Place    | Note
-------+----------+-------------------------------------------
     0 | D:5      | GordonOverkill the Vine Stalker Delver began the quest for
                  | the Orb.
     0 | D:5      | Reached XP level 1. HP: 11/11 MP: 2/2
    68 | D:5      | Found a glowing drain.
    84 | D:5      | Reached XP level 2. HP: 10/16 MP: 3/3
   131 | Sewer    | Entered a sewer
   222 | Sewer    | Noticed a water moccasin
   237 | Sewer    | Slain by a water moccasin

Illustrated notes

Levels and vault maps discovered:
D:5:      layout_basic, nicolae_overflow_crystal_walls, gup_sewer_entry_glass,
          uniq_menkaure, uniq_ijyb, uniq_blork_the_orc
Sewer:    sewer_the_moccasin

Skill      XL: |  1 |
---------------+----+-----
Fighting       | 3 |  3.0
Dodging        | |  1.5
Stealth        | |  6.0
Unarmed Combat | |  2.5

Action                     || total
---------------------------++-------
  Melee: Unarmed           ||    28
         Bite              ||     7
  Evoke: Wand              ||     1
    Use: Scroll            ||     1
         Potion            ||     1
   Stab: Sleeping          ||     1
 Armour: Leather armour    ||     6
  Dodge: Dodged            ||    16

Table legend: (Time is in decaauts)
 A = Elapsed time spent in this place.
 B = Non-inter-level travel time spent in this place.
 C = Inter-level travel time spent in this place.
 D = Time resting spent in this place.
 E = Time spent auto-exploring this place.
 F = Levels seen in this place.
 G = Mean time per level.
                   A        B        C        D        E       F      G
               +--------+--------+--------+--------+--------+-----+--------+
         Total |    240 |    240 |      0 |     58 |     34 |   2 |  120.0 |
       Dungeon |    132 |    132 |      0 |     33 |      0 |   1 |  132.0 |
         Sewer |    107 |    107 |      0 |     25 |     34 |   1 |  107.0 |
               +--------+--------+--------+--------+--------+-----+--------+

Top non-repeatable levels by time:
     D:5: 132 daAuts
   Sewer: 107 daAuts
